 Dungeon Crawl Stone Soup version 0.29-a0-529-gfa20dd96a1 (webtiles) character file.

6177 CollectiveS the Basher (level 10, 0/71 HPs)
             Began as a Demonspawn Ice Elementalist on Jan 20, 2019.
             Was a Priest of Makhleb.
             Slain by a troll (5 damage)
             ... on level 9 of the Dungeon on June 1, 2022.
             The game lasted 00:49:48 (13838 turns).

CollectiveS the Basher (DsIE)                      Turns: 13838, Time: 00:49:48

Health: 0/71       AC: 18    Str: 12    XL:     10   Next: 60%
Magic:  26/26      EV: 17    Int: 16    God:    Makhleb [***...]
Gold:   373        SH:  7    Dex: 14    Spells: 15/19 levels left

rFire   + . .      SeeInvis .   r - +0 whip (flame)
rCold   . . .      Faith    .   b - +0 kite shield
rNeg    . . .      Spirit   .   l - +2 plate armour
rPois   +          Reflect  .   (helmet restricted)
rElec   .          Harm     .   (no cloak)
rCorr   .          Rampage  .   E - +1 pair of gloves
Will    .....                   H - +0 pair of boots
Stlth   ..........              q - amulet of the acrobat
HPRegen 0.21/turn               z - ring of magical power
MPRegen 0.20/turn               n - ring of poison resistance

@: acrobatic
A: claws 1, hooves 2, horns 1, fire resistance 1, powered by death 1, flame
cloud immunity
a: Renounce Religion, Minor Destruction, Lesser Servant of Makhleb


You were on level 9 of the Dungeon.
You worshipped Makhleb.
Makhleb was most pleased with you.
You visited 1 branch of the dungeon, and saw 9 of its levels.
You also visited: Bailey.

You collected 373 gold pieces.

Inventory:

Hand Weapons
 d - a +0 whip
 r - a +0 whip of flaming (weapon)
 u - a +0 flail
 F - a +2 dire flail of pain
 J - a +0 blowgun
Missiles
 j - 68 poisoned darts (quivered)
Armour
 a - a +0 robe
 b - a +0 kite shield (worn)
 l - a +2 plate armour (worn)
 o - a +0 buckler
 E - a +1 pair of gloves (worn)
 H - a +0 pair of boots (worn)
Magical Staves
 G - a staff of removedness
Jewellery
 e - an amulet of regeneration {unknown}
 n - a ring of poison resistance (right hand)
 q - an amulet of the acrobat (around neck)
 x - a ring of willpower
 z - a ring of magical power (left hand)
Wands
 v - a wand of digging (5)
Scrolls
 i - 4 scrolls of removedness
 k - 2 scrolls of teleportation
 m - a scroll of enchant weapon {unknown}
 y - a scroll of removedness
 A - 2 scrolls of magic mapping
 B - 6 scrolls of identify
 C - 2 scrolls of fog {unknown}
 I - a scroll of silence {unknown}
Potions
 f - a potion of ambrosia {unknown}
 g - 3 potions of degeneration {unknown}
 h - a potion of magic {unknown}
 s - 2 potions of curing
 t - a potion of cancellation {unknown}
 w - 2 potions of haste {unknown}
 D - 3 potions of berserk rage {unknown}
 L - a potion of invisibility {unknown}
Comestibles
 c - 17 removed foods


   Skills:
 + Level 4.0 Fighting
 * Level 10.1 Maces & Flails
 * Level 5.7 Armour
 - Level 1.9 Dodging
 - Level 1.8 Stealth
 - Level 5.0 Spellcasting
 + Level 1.0 Conjurations
 * Level 5.2 Ice Magic
 * Level 6.5 Invocations
 - Level 0.3 Evocations


You had 15 spell levels left.
You knew the following spells:

 Your Spells              Type           Power      Damage    Failure   Level
a - Freeze                Ice            80%        1d9       100%        1
b - Ozocubu's Armour      Ice            20%        N/A       100%        3

Your spell library contained the following spells:

 Spells                   Type           Power      Damage    Failure   Level
 Corona                   Hex            4%         N/A       100%        1
 Magic Dart               Conj           28%        1d4       100%        1
 Slow                     Hex            16%        N/A       100%        1
 Blink                    Tloc           8%         N/A       100%        2
 Call Imp                 Summ           4%         N/A       100%        2
 Passwall                 Tmut/Erth      3%         N/A       100%        2
 Confusing Touch          Hex            4%         N/A       100%        3
 Conjure Flame            Conj/Fire      5%         6-21      100%        3
 Gell's Gravitas          Tloc           4%         N/A       100%        3
 Inner Flame              Hex/Fire       4%         N/A       100%        3
 Mephitic Cloud           Conj/Pois/Air  5%         N/A       100%        3
 Portal Projectile        Hex/Tloc       8%         N/A       100%        3
 Swiftness                Air            4%         N/A       100%        3
 Cause Fear               Hex            2%         N/A       100%        4
 Hailstorm                Conj/Ice       13%        3d5       100%        4
 Leda's Liquefaction      Hex/Erth       2%         N/A       100%        4
 Passage of Golubria      Tloc           4%         N/A       100%        4
 Petrify                  Tmut/Erth      4%         N/A       100%        4
 Summon Ice Beast         Ice/Summ       12%        N/A       100%        4
 Bolt of Magma            Conj/Fire/Erth 2%         4d4       100%        5
 Iskenderun's Battlesphe  Conj           7%         2d6       100%        5
 Lee's Rapid Deconstruct  Erth           2%         3d5*      100%        5
 Metabolic Englaciation   Hex/Ice        6%         N/A       100%        5
 Yara's Violent Unravell  Hex/Tmut       2%         3d3       100%        5
 Invisibility             Hex            2%         N/A       100%        6
 Iron Shot                Conj/Erth      2%         9d2       100%        6
 Orb of Destruction       Conj           3%         9d5       100%        7
 Spellforged Servitor     Conj/Summ      2%         N/A       100%        7


Dungeon Overview and Level Annotations

Branches:
Dungeon (9/15)             Temple (0/1) D:6
   Lair: D:8-11         Orc: D:9-12

Altars:
Ashenzari
Fedhas
Gozag
Hepliaklqana
Makhleb
Qazlal
Trog
Uskayaw
Vehumet
Wu Jian
Xom

Shops:
D:9 *

Annotations:
D:7 2 transporters, Kenran's ghost, novice OpFi
D:8 Gastronok; Harold
D:9 Erica


Innate Abilities, Weirdness & Mutations

You have sharp fingernails.
You have hoof-like feet.
You have a pair of small horns on your head.
Your flesh is heat resistant. (rF+)
You regenerate a little health from kills.
You are immune to clouds of flame.


Message History

The troll completely misses you. You block the troll's attack.
The troll misses you.
The crimson imp shoots a sling bullet.
The sling bullet completely misses you. The troll barely misses you.
The troll closely misses you. You block the troll's attack.
The crimson imp shoots a sling bullet.
The sling bullet hits you. The troll barely misses you.
The troll completely misses you. You block the troll's attack.
The crimson imp grinds its teeth.
The crimson imp shoots a sling bullet.
The sling bullet completely misses you. The troll closely misses you.
The troll claws you but does no damage. The troll completely misses you.
The crimson imp shoots a sling bullet.
The sling bullet completely misses you. The troll bites you but does no damage.
The troll claws you. The troll closely misses you.
The crimson imp shouts, "Submit, thou villainous sow-suckled pimple!"
The crimson imp shoots a sling bullet.
The sling bullet hits you. The troll completely misses you.
The troll closely misses you. The troll claws you but does no damage.
The troll misses you. You block the troll's attack. The troll misses you.
The crimson imp shoots a sling bullet.
The sling bullet barely misses you. You block the troll's attack.
The troll claws you but does no damage. The troll claws you.
* * * LOW HITPOINT WARNING * * *
The crimson imp shoots a sling bullet.
The sling bullet barely misses you. You block the troll's attack.
The troll claws you.
* * * LOW HITPOINT WARNING * * *
The troll barely misses you. You block the troll's attack.
The troll closely misses you. x2
The crimson imp shoots a sling bullet.
The sling bullet closely misses you. The troll closely misses you.
The troll claws you.
* * * LOW HITPOINT WARNING * * *
The troll misses you.
The crimson imp blinks!
The troll completely misses you. The troll claws you!
* * * LOW HITPOINT WARNING * * *
You block the troll's attack. The troll completely misses you.
The troll barely misses you. The troll closely misses you. The troll bites you.
You die...

...#..## ....... .
...... .. #....##
...#.....# .........##
#5......#### ###
#...T@..##.# ##.#
##...#.....## ###...
#..##......#####.#(..
.... ###.......#..#..#
..##. ##...............
# #..##.......###.#....
###..........##...#..#
.....
#.................###..
....
..........##.....## #..


You could see a troll and a crimson imp.

Vanquished Creatures
  Pikel (D:7)
  Joseph (D:9)
  A removed hippogriff (D:7)
  Prince Ribbit (D:9)
  A yak (D:7)
  3 hogs (D:7)
  5 humans
  A basilisk (D:9)
  A removed hungry ghost (D:7)
  Edmund (D:4)
  3 ice beasts (D:8)
  A phantom (D:6)
  A removed slave (D:8)
  2 sky beasts (D:7)
  A black bear (D:8)
  An orc warrior (D:5)
  A removed eye of draining (D:8)
  5 ogres
  2 centaurs
  4 bullfrogs (D:6)
  3 kobold brigands
  5 scorpions (D:6)
  A howler monkey (D:8)
  A bullfrog zombie (D:8)
  4 crimson imps
  5 hounds
  7 orc wizards
  7 orc priests
  2 jellies
  7 removed worker ants
  A removed worker ant zombie (D:9)
  11 gnolls
  A howler monkey skeleton (D:4)
  8 adders
  A shadow imp (D:7)
  2 adder zombies
  An adder skeleton (D:8)
  2 worms (D:2)
  2 dart slugs
  42 orcs
  5 removed leopard geckos
  5 bats
  4 giant cockroaches
  11 goblins
  9 hobgoblins
  7 jackals
  A quokka (D:6)
  2 ball pythons
  6 frilled lizards
  20 kobolds
  A quokka zombie (D:6)
  7 rats
  A removed leopard gecko skeleton (D:6)
  A removed leopard gecko zombie (D:8)
230 creatures vanquished.

Vanquished Creatures (others)
  3 removed slaves (D:8)
  A hound (D:8)
  An orc wizard (D:8)
  An iguana (D:8)
  3 gnolls (D:8)
  3 orcs (D:8)
  A jackal (D:8)
  3 kobolds (D:8)
16 creatures vanquished.

Grand Total: 246 creatures vanquished

Notes
Turn   | Place    | Note
-------+----------+-------------------------------------------
     0 | D:1      | CollectiveS the Demonspawn Ice Elementalist began the quest
                  | for the Orb.
     0 | D:1      | Reached XP level 1. HP: 13/13 MP: 3/3
   494 | D:1      | Gained mutation: You have large cloven feet. [demonic
                  | ancestry]
   494 | D:1      | Reached XP level 2. HP: 19/19 MP: 1/5
  1338 | D:2      | Found a shattered altar of Ashenzari.
  1355 | D:2      | Gained mutation: You have sharp fingernails. [demonic
                  | ancestry]
  1355 | D:2      | Reached XP level 3. HP: 22/24 MP: 2/6
  2008 | D:2      | Learned a level 3 spell: Ozocubu's Armour
  2764 | D:2      | Reached skill level 1 in Maces & Flails
  3044 | D:3      | Reached XP level 4. HP: 15/30 MP: 3/8
  3199 | D:3      | Found a shimmering altar of Xom.
  3199 | D:3      | Found a shimmering altar of Xom.
  3834 | D:2      | Reached skill level 2 in Maces & Flails
  4096 | D:3      | Reached XP level 5. HP: 2/35 MP: 3/9
  4559 | D:3      | Found a shimmering altar of Xom.
  4644 | D:3      | Found a bloodstained altar of Trog.
  4669 | D:3      | Found a shimmering altar of Xom.
  4795 | D:4      | Noticed an ogre
  4796 | D:4      | Noticed an ogre
  4947 | D:4      | Found a hazy altar of Hepliaklqana.
  4989 | D:3      | Reached skill level 3 in Maces & Flails
  5071 | D:4      | Gained mutation: Your flesh is heat resistant. (rF+)
                  | [demonic ancestry]
  5071 | D:4      | Reached XP level 6. HP: 38/41 MP: 11/11
  5926 | D:4      | Got a warped mace
  5927 | D:4      | Identified the +4 mace of Ydorraqa {holy, +Inv Stlth+} (You
                  | found it on level 4 of the Dungeon)
  5978 | D:4      | Gained mutation: You have hoof-like feet. [demonic
                  | ancestry]
  5978 | D:4      | Reached XP level 7. HP: 25/46 MP: 13/13
  6173 | D:4      | You fall through a shaft for 2 floors!
  6192 | D:6      | Found a burning altar of Makhleb.
  6273 | D:6      | Became a worshipper of Makhleb the Destroyer
  6306 | D:6      | Found a staircase to the Ecumenical Temple.
  6332 | D:5      | Entered Level 5 of the Dungeon
  6405 | D:6      | Reached skill level 4 in Maces & Flails
  6903 | D:5      | Reached skill level 5 in Ice Magic
  7134 | D:5      | Noticed a hungry ghost
  7434 | D:4      | Noticed Edmund
  7786 | D:4      | Reached skill level 1 in Charms
  7937 | D:4      | Killed Edmund
  7937 | D:4      | Reached skill level 5 in Maces & Flails
  7937 | D:4      | Gained mutation: You have a pair of small horns on your
                  | head. [demonic ancestry]
  7937 | D:4      | Reached XP level 8. HP: 16/52 MP: 15/15
  8260 | D:5      | Reached skill level 1 in Invocations
  9537 | D:6      | Reached skill level 1 in Armour
  9544 | D:6      | Reached skill level 6 in Maces & Flails
  9606 | D:6      | Reached skill level 1 in Fighting
  9700 | D:6      | Reached skill level 5 in Spellcasting
  9818 | D:6      | Reached * piety under Makhleb
  9998 | D:6      | Reached skill level 7 in Maces & Flails
 10210 | D:7      | Gained mutation: You regenerate a little health from kills.
                  | [demonic ancestry]
 10210 | D:7      | Reached XP level 9. HP: 57/61 MP: 16/16
 10240 | D:7      | Found a stormy altar of Qazlal.
 10486 | D:7      | Found a flagged portal.
 10512 | Bailey   | Entered a bailey
 10708 | D:7      | Reached ** piety under Makhleb
 10708 | D:7      | Reached skill level 8 in Maces & Flails
 10850 | D:7      | Found an ornate altar of the Wu Jian Council.
 11061 | D:7      | Reached skill level 5 in Invocations
 11382 | D:7      | Found a hide-covered altar of Uskayaw.
 11459 | D:7      | Noticed a troll
 11460 | D:7      | Noticed Kenran's ghost (novice OpFi)
 11461 | D:7      | Found a transporter.
 11462 | D:7      | Found a bloodstained altar of Trog.
 11462 | D:7      | Noticed a moth of wrath
 11477 | D:7      | Found a transporter.
 11637 | D:8      | Noticed Pikel
 11642 | D:8      | Reached skill level 9 in Maces & Flails
 11659 | D:7      | Killed Pikel
 11659 | D:7      | Gained mutation: You are immune to clouds of flame.
                  | [demonic ancestry]
 11659 | D:7      | Reached XP level 10. HP: 68/70 MP: 17/17
 11731 | D:8      | Noticed Harold
 11787 | D:8      | Upgraded the game from 0.23-a0-808-gd21de94 to
                  | 0.25-a0-67-g7dccc1bee0
 12187 | D:8      | Found a radiant altar of Vehumet.
 12572 | D:8      | Reached *** piety under Makhleb
 12572 | D:8      | Reached skill level 5 in Armour
 12809 | D:8      | Found a blossoming altar of Fedhas.
 12898 | D:8      | Found an opulent altar of Gozag.
 13176 | D:8      | Noticed Gastronok
 13269 | D:9      | Noticed Prince Ribbit
 13298 | D:9      | Killed Prince Ribbit
 13325 | D:9      | Noticed Joseph
 13331 | D:9      | Noticed Erica
 13340 | D:9      | Killed Joseph
 13340 | D:9      | Reached skill level 10 in Maces & Flails
 13493 | D:9      | Found Qobbuzawk's Assorted Antiques.
 13799 | D:9      | Upgraded the game from 0.25-a0-67-g7dccc1bee0 to
                  | 0.29-a0-529-gfa20dd96a1
 13838 | D:9      | Slain by a troll

Illustrated notes

Levels and vault maps discovered:
D:1:      co_arrival_random_square_maze, minivault_25
D:2:      ashenzari_conservatory_becter
D:3:      xom_redecorated, marbit_many_paths
D:4:      overflow_temple_1_default, first_ration, uniq_edmund
D:5:      guppyfry_early_orc_mine
D:6:      nicolae_overflow_crystal_walls, minmay_temple_entry_offerings,
          minivault_25, minmay_misc_feat_pillars
D:7:      grunt_qazlal_clouds, kennysheep_mini, lemuel_round_altar,
          enter_bailey_3, gammafunk_ghost_wrathful_warriors, grunt_livestock
D:8:      fiery_altar_vehumet, fedhas_altar_2, grunt_gozag_breadcrumbs,
          minmay_ruffians, uniq_pikel, uniq_gastronok, uniq_harold
D:9:      layout_cave_pools, nicolae_tso_swordbearing_angel, serial_shops,
          nicolae_shop_statue_plus, uniq_erica, uniq_prince_ribbit1, uniq_joseph

Skill      XL: |  1  2  3  4  5  6  7  8  9 10 |
---------------+-------------------------------+-----
Ice Magic      | 3 4 5 |  5.2
Maces & Flails | 1 2 3 5 7 9 10 | 10.1
Spellcasting   | 3 4 5 |  5.0
Charms         | 1 3 |  0.0
Invocations    | 4 5 6 |  6.5
Armour         | 2 4 5 |  5.7
Fighting       | 1 3 4 |  4.0
Dodging        | |  1.9
Stealth        | |  1.8
Conjurations   | |  1.0
Evocations     | |  0.3

Action                   |  1- 3 |  4- 6 |  7- 9 | 10-12 || total
-------------------------+-------+-------+-------+-------++-------
Melee: Whip              |    46 |       |       |   451 ||   497
       Kick              |    10 |    10 |   125 |    14 ||   159
       Flail             |    36 |    67 |    75 |       ||   178
       Dire flail        |       |       |   409 |       ||   409
       Headbutt          |       |       |    58 |    91 ||   149
 Cast: Freeze            |    46 |    55 |    13 |       ||   114
       Ozocubu's Armour  |     2 |     2 |     2 |       ||     6
Invok: Minor Destruction |       |       |     4 |       ||     4
Evoke: Wand              |       |       |    24 |    11 ||    35
  Use: Scroll            |       |     4 |     7 |       ||    11
 Stab: Sleeping          |     1 |     1 |     1 |       ||     3
       Paralysed         |       |       |       |    17 ||    17
  Eat: Removed food      |     6 |    11 |    24 |     5 ||    46
       Removed food      |       |       |     3 |     1 ||     4
Armor: Robe              |    21 |    18 |     6 |       ||    45
       Plate armour      |       |       |   264 |   205 ||   469
Dodge: Dodged            |    79 |    76 |   128 |   112 ||   395
Block: Kite shield       |       |       |     9 |   119 ||   128

Table legend: (Time is in decaauts)
 A = Elapsed time spent in this place.
 B = Non-inter-level travel time spent in this place.
 C = Inter-level travel time spent in this place.
 D = Time resting spent in this place.
 E = Time spent auto-exploring this place.
 F = Levels seen in this place.
 G = Mean time per level.
                   A        B        C        D        E       F      G
               +--------+--------+--------+--------+--------+-----+--------+
         Total |  13771 |  12328 |   1443 |   4759 |   2779 |  10 | 1377.1 |
       Dungeon |  13761 |  12318 |   1443 |   4759 |   2779 |   9 | 1529.0 |
        Bailey |      9 |      9 |      0 |      0 |      0 |   1 |    9.0 |
               +--------+--------+--------+--------+--------+-----+--------+

Top non-repeatable levels by time:
     D:9: 38 daAuts
Note: time per level data comes from an upgraded game and may be incomplete.
